Map: [ESL] Data-C

Players

Serral

  • Race: Zerg Zerg
  • Spawn Location: 3:00

Gerald - Winner!

  • Race: Protoss Protoss
  • Spawn Location: 9:00

Event: DreamHack SC2 Masters 2022 Atlanta (Online)

VOD

Have the link to the VOD?

Description

Time

  • Played on: Oct. 9, 2022, 11:34 a.m.
  • Length: 10:14

All games in this series

Show
View Real Time Build Order
Export as new Build Order

Serral Zerg 

Build Orders: Hatch First 

Get SALT Encoding   

  12  0:00  Drone  
  13  0:12  Overlord  
  13  0:16  Drone  
  14  0:30  Drone x2  
  16  0:48  Hatchery  
  15  0:52  Drone  
  15  0:55  Drone  
  17  0:59  Drone  
  18  1:09  Extractor  
  17  1:14  Spawning Pool  
  17  1:17  Drone  
  17  1:20  Drone  
  18  1:29  Drone  
  19  1:40  Drone  
  20  1:51  Drone  
  21  2:00  Queen  
  21  2:01  Queen  
  23  2:02  Zergling x2, Overlord  
  26  2:10  Drone  
  26  2:11  Drone  
  26  2:13  Metabolic Boost  
  28  2:21  Drone  
  28  2:22  Drone  
  30  2:35  Hatchery  
  29  2:37  Drone  
  29  2:38  Drone  
  31  2:44  Queen  
  31  2:49  Overlord  
  33  2:52  Drone  
  33  2:53  Drone  
  33  2:55  Drone  
  36  3:06  Overlord  
  36  3:10  Queen  
  36  3:12  Drone x3  
  41  3:14  Drone  
  41  3:16  Drone  
  41  3:18  Drone  
  44  3:23  Queen  
  47  3:27  Drone  
  47  3:29  Drone  
  48  3:37  Overlord  
  49  3:41  Drone  
  49  3:44  Drone  
  49  3:47  Queen  
  52  3:49  Queen  
  52  3:51  Drone x2  
  52  3:52  Roach Warren  
  52  3:54  Drone  
  52  3:55  Drone  
  57  3:57  Drone  
  57  4:00  Zergling x4  
  60  4:04  Zergling x6  
  60  4:09  Overlord  
  63  4:10  Zergling x2  
  63  4:12  Zergling x4  
  63  4:16  Spore Crawler  
  65  4:17  Spore Crawler  
  65  4:20  Spore Crawler  
  65  4:21  Zergling x2  
  63  4:29  Zergling x6  
  63  4:30  Overlord  
  66  4:33  Lair  
  66  4:36  Extractor  
  66  4:38  Zergling x2  
  66  4:40  Drone x4  
  70  4:46  Overlord  
  70  4:47  Drone x3  
  70  4:52  Overlord  
  72  4:53  Drone x2  
  72  4:55  Drone  
  72  4:59  Drone x3  
  75  5:03  Extractor x2  
  75  5:04  Drone x2  
  75  5:09  Drone  
  75  5:13  Evolution Chamber  
  74  5:16  Overlord  
  74  5:18  Queen, Drone x2  
  78  5:22  Drone x2  
  78  5:23  Drone x2  
  78  5:27  Drone x2  
  84  5:31  Glial Reconstitution  
  84  5:40  Zerg Missile Weapons Level 1  
  84  5:41  Roach  
  84  5:42  Roach x4  
  94  5:43  Drone  
  94  5:44  Overseer  
  94  5:49  Roach  
  97  5:50  Overlord  
  97  5:51  Overlord  
  97  6:00  Roach x2  
  97  6:01  Roach x2  
  104  6:06  Extractor, Overlord  
  104  6:07  Extractor  
  104  6:10  Baneling Nest, Drone  
  104  6:11  Drone x4  
  106  6:17  Drone x4, Spire  
  109  6:18  Drone  
  110  6:26  Hatchery  
  110  6:28  Roach  
  110  6:29  Roach  
  113  6:33  Roach  
  113  6:34  Roach  
  113  6:37  Overseer  
  116  6:41  Drone  
  116  6:42  Overlord  
  116  6:44  Roach x2  
  121  6:49  Overlord  
  121  6:58  Overlord  
  121  6:59  Overlord x5  
  121  7:01  Overlord  
  120  7:06  Overlord  
  109  7:17  Drone x9  
  118  7:29  Mutalisk x6  
  130  7:34  Ravager x3  
  130  7:36  Roach  
  135  7:37  Zergling x2  
  135  7:40  Roach x3  
  135  7:41  Roach  
  135  7:42  Ravager  
  135  7:43  Ravager  
  135  7:44  Roach  
  147  7:45  Zergling x2  
  147  7:46  Zergling x2  
  147  7:47  Zergling x2  
  147  7:49  Ravager  
  151  7:51  Roach x2  
  155  8:00  Zergling x18  
  155  8:05  Zergling x2  
  161  8:15  Centrifugal Hooks  
  161  8:19  Drone x2  
  161  8:22  Drone x2  
  161  8:24  Zergling x24  
  168  8:34  Overseer  
  168  8:37  Roach x6  
  172  8:45  Zergling x2  
  172  8:46  Zergling x8  
  174  8:54  Lair  
  157  9:04  Roach x7  
  144  9:10  Hatchery  
  144  9:14  Mutalisk x2  
  143  9:19  Mutalisk x3  
  148  9:27  Mutalisk x2  
  150  9:31  Mutalisk  
  148  9:43  Mutalisk  
  148  9:44  Zergling x6  
  152  9:49  Mutalisk  
  152  9:51  Zergling x4  
  152  9:52  Hatchery  
  151  9:55  Overlord  
  151  9:57  Zergling x8  
Show
View Real Time Build Order
Export as new Build Order

Gerald Protoss - Winner!

Build Orders: 1 Gate Expand, Zealot Archon, Archon Drop, Dark Templar Rush 

Get SALT Encoding   

  12  0:00  Probe  
  13  0:12  Probe  
  14  0:18  Pylon  
  14  0:25  Probe (Chrono Boost)  
  15  0:37  Probe (Chrono Boost)  
  15  0:39  Gateway  
  16  0:44  Probe (Chrono Boost)  
  16  0:48  Assimilator  
  17  0:56  Probe  
  18  1:08  Probe  
  19  1:20  Probe  
  20  1:26  Nexus  
  20  1:32  Probe  
  21  1:37  Cybernetics Core  
  21  1:42  Assimilator  
  21  1:45  Probe  
  22  1:50  Pylon  
  22  1:57  Probe (Chrono Boost)  
  23  2:09  Probe (Chrono Boost)  
  23  2:11  Adept (Chrono Boost)  
  26  2:18  Twilight Council, Probe (Chrono Boost)  
  27  2:23  Warp Gate, Probe  
  28  2:33  Stalker  
  28  2:35  Probe  
  31  2:38  Probe  
  32  2:47  Probe  
  32  2:50  Probe  
  34  2:54  Robotics Facility  
  34  3:00  Probe  
  34  3:02  Probe  
  36  3:12  Probe  
  37  3:13  Dark Shrine  
  37  3:14  Probe  
  37  3:16  Adept  
  40  3:22  Gateway  
  40  3:24  Probe  
  40  3:26  Probe  
  42  3:32  Gateway  
  42  3:36  Probe  
  42  3:37  Assimilator  
  43  3:41  Warp Prism (Chrono Boost)  
  43  3:46  Probe  
  46  3:49  Pylon  
  46  3:56  Assimilator  
  46  4:07  Probe x2  
  48  4:22  Pylon  
  50  4:28  Dark Templar x3  
  54  4:31  Nexus  
  54  4:32  Pylon  
  54  4:39  Blink  
  54  4:40  Probe x2  
  54  4:44  Robotics Bay  
  57  4:52  Probe  
  57  4:56  Probe  
  57  4:59  Pylon  
  58  5:03  Dark Templar, Archon  
  58  5:06  Zealot x2  
  64  5:12  Archon  
  61  5:14  Probe (Chrono Boost)  
  61  5:16  Pylon  
  61  5:18  Forge, Probe (Chrono Boost)  
  62  5:25  Shield Battery, Probe (Chrono Boost)  
  62  5:28  Probe (Chrono Boost)  
  64  5:30  Gravitic Drive  
  64  5:37  Disruptor (Chrono Boost)  
  64  5:39  Probe (Chrono Boost)  
  64  5:41  Probe (Chrono Boost)  
  69  5:47  Pylon  
  69  5:49  Pylon  
  71  5:51  Probe x2 (Chrono Boost)  
  71  5:53  Gateway  
  72  5:57  Probe x2 (Chrono Boost)  
  72  5:59  Protoss Ground Weapons Level 1, Probe (Chrono Boost)  
  72  6:03  Disruptor (Chrono Boost)  
  74  6:05  Probe  
  74  6:07  Probe  
  74  6:10  Probe  
  80  6:15  Gateway  
  80  6:17  Gateway, Probe  
  81  6:23  Gateway  
  81  6:24  Gateway  
  82  6:25  Probe  
  82  6:29  Probe x2  
  84  6:37  Probe  
  84  6:39  Gateway  
  85  6:40  Gateway  
  85  6:42  Gateway  
  85  6:45  Observer  
  85  6:46  Stalker x3  
  92  6:50  Assimilator  
  92  6:53  Pylon  
  92  7:01  Pylon  
  91  7:05  Stalker  
  91  7:06  Probe  
  93  7:09  Probe  
  94  7:17  Probe  
  94  7:20  Stalker x6  
  107  7:26  Pylon  
  110  7:38  Nexus  
  110  7:39  Pylon  
  110  7:45  Stalker  
  110  7:46  Stalker x5  
  110  7:49  Stalker  
  119  8:06  Disruptor  
  122  8:15  Probe  
  122  8:16  Stalker x7  
  134  8:22  Probe  
  134  8:26  Dark Templar x3  
  139  8:30  Probe  
  139  8:33  Probe  
  137  8:42  Disruptor, Probe  
  137  8:43  Dark Templar  
  136  8:50  Probe  
  136  8:51  Stalker x2  
  112  9:04  Probe  
  112  9:06  Probe  
  99  9:10  Probe  
  99  9:13  Probe  
  99  9:14  Stalker x3  
  99  9:17  Probe  
  105  9:18  Disruptor, Zealot x2, Probe  
  105  9:19  Zealot x4  
  105  9:22  Probe  
  120  9:25  Probe  
  120  9:29  Probe  
  120  9:30  Probe  
  121  9:34  Probe  
  122  9:40  Probe, Stalker x3  
  122  9:41  Probe  
  122  9:42  Probe  
  131  9:56  Dark Templar x2  
  131  9:59  Stalker x3  
Tags
 
Add a new tag
Caveats
  • Supply blocks, unpowered buildings, or Contaminate may cause inaccurate times.
  • Supply counts are checked every 10 seconds.